 Dungeon Crawl Stone Soup version 0.28.0-45-g0d030f2227 (webtiles) character file.

Game seed: 2621685768755915409

125 seaoflcl the Covered (level 5, -8/41 HPs)
             Began as a Human Fighter on Apr 11, 2022.
             Killed by divine providence
             ... invoked by an orc priest
              (14 damage)
             ... on level 3 of the Dungeon.
             The game lasted 00:02:41 (2638 turns).

seaoflcl the Covered (Human Fighter)                Turns: 2638, Time: 00:02:42

Health: -8/41      AC: 17    Str: 19    XL:     5   Next: 30%
Magic:  5/5        EV:  1    Int:  8    God:
Gold:   159        SH:  4    Dex: 12    Spells: 4/4 levels left

rFire   . . .      SeeInvis .   a - +0 long sword
rCold   . . .      Faith    .   c - +0 buckler
rNeg    . . .      Spirit   .   g - +0 crystal plate armour
rPois   .          Reflect  .   (no helmet)
rElec   .          Harm     .   p - +0 cloak
rCorr   .          Rampage  .   (no gloves)
Will    .....                   (no boots)
Stlth   ..........              (no amulet)
HPRegen 0.13/turn               (no ring)
MPRegen 0.09/turn               (no ring)

@: mighty
A: no striking features
a: no special abilities


You were on level 3 of the Dungeon.
You visited 1 branch of the dungeon, and saw 3 of its levels.

You collected 159 gold pieces.

Inventory:

Hand Weapons
 a - a +0 long sword (weapon)
Missiles
 o - 26 sling bullets
Armour
 c - a +0 buckler (worn)
 g - a +0 crystal plate armour (worn)
 p - a +0 cloak (worn)
Scrolls
 e - 2 scrolls of teleportation {unknown}
 i - a scroll of fear {unknown}
 j - a scroll of enchant armour {unknown}
 k - 2 scrolls of immolation {unknown}
 l - a scroll of blinking {unknown}
 m - 2 scrolls of identify {unknown}
 n - a scroll of brand weapon {unknown}
Potions
 f - a potion of ambrosia {unknown}
 h - a potion of degeneration {unknown}


   Skills:
 + Level 3.6 Fighting
 + Level 3.4 Long Blades
 + Level 3.8 Armour
 + Level 3.5 Shields


You had 4 spell levels left.
You didn't know any spells.
Your spell library contained the following spells:

 Spells                   Type           Power      Damage    Failure   Level
 Confusing Touch          Hex            0%         N/A       100%        3
 Yara's Violent Unravell  Hex/Tmut       0%         3d3       100%        5
 Enfeeble                 Hex            0%         N/A       100%        7


Dungeon Overview and Level Annotations

Branches:
Dungeon (3/15)

Altars:


Message History

You slash the orc!
You kill the orc!
The orc priest invokes the aid of Beogh against you.
Pain shoots through your body! The orc hits you with a +0 dagger.
You hit the orc.
The orc is heavily wounded.
The orc priest casts a cantrip, but nothing happens.
You block the orc's attack.
You slash the orc!
You kill the orc!
The orc hits you but does no damage.
The orc priest hits you but does no damage.
You closely miss the orc priest. The orc barely misses you.
The orc priest hits you but does no damage.
You hit the orc priest but do no damage.
The orc hits you with a +0 flail.
The orc priest hits you with a +0 hand axe.
The orc hits you with a +0 flail.
You are too injured to fight recklessly!
You are too injured to fight recklessly!
You are too injured to fight recklessly!
You are too injured to fight recklessly!
You are too injured to fight recklessly!
The orc priest calls down the wrath of Beogh upon you.
Pain shoots through your body!
* * * LOW HITPOINT WARNING * * *
It was a potion of curing.
You feel better. You block the orc's attack.
You feel better. You block the orc's attack.
The orc priest mumbles some strange prayers to Beogh against you.
Beogh smites you!
* * * LOW HITPOINT WARNING * * *
You feel very mighty all of a sudden. The orc hits you but does no damage.
You slash the orc!
You kill the orc!
The orc priest hits you but does no damage.
You closely miss the orc priest.
The orc priest mumbles some strange prayers to Beogh against you.
Beogh smites you!
You die...

....#####+#######.....#...
....# #............... ....
#............... ....
............... .
.............# .#
..#...........# #'## ....#
#.......#..... #...#
#o#.o.#.#.....
########...#####@#...#.......
...............#.#...#)......
#..............#.#.........#
+....†.........#.#...).......
#..............#............#
..........................#.#
##+##.##......#####..####.# #
#.##......'......... .#
#.##......#########.# #


You could see an orc priest.

Vanquished Creatures
  An orc priest (D:3)
  2 adders
  A worm (D:3)
  4 dart slugs
  7 orcs (D:3)
  5 ball pythons
  An endoplasm (D:1)
  3 goblins
  13 hobgoblins
  3 jackals (D:2)
  2 quokkas (D:1)
  5 bats
  2 frilled lizards
  4 kobolds
  4 rats
57 creatures vanquished.

Notes
Turn   | Place    | Note
-------+----------+-------------------------------------------
     0 | D:1      | seaoflcl the Human Fighter began the quest for the Orb.
     0 | D:1      | Reached XP level 1. HP: 18/18 MP: 1/1
   319 | D:1      | Reached XP level 2. HP: 20/24 MP: 2/2
  1268 | D:2      | Reached XP level 3. HP: 29/29 MP: 3/3
  1530 | D:2      | Reached XP level 4. HP: 35/35 MP: 4/4
  2038 | D:3      | Reached XP level 5. HP: 16/41 MP: 5/5
  2638 | D:3      | Killed from afar by an orc priest

Illustrated notes

Levels and vault maps discovered:
D:1:      enne_arrival_octagon_isle, layout_basic
D:2:      layout_loops_ring, chequers_serial_rivers_room_b,
          minmay_misc_feat_iff, feat_on_display
D:3:      layout_basic

Skill      XL: |  1  2  3  4 |
---------------+-------------+-----
Long Blades    | 3 |  3.4
Fighting       | |  3.6
Armour         | |  3.8
Shields        | |  3.5

Action                   |  1- 3 |  4- 6 || total
-------------------------+-------+-------++-------
Melee: Long sword        |    84 |    84 ||   168
  Use: Potion            |       |     3 ||     3
Armor: Crystal plate arm |    87 |    94 ||   181
Dodge: Dodged            |     2 |     4 ||     6
Block: Buckler           |    20 |    27 ||    47
